 Dungeon Crawl Stone Soup version 0.31-a0-819-gf6de2f5ab6 (webtiles) character file.

Game seed: 8874178543416286638

2643 qw the Skirmisher (level 9, -9/55 HPs)
             Began as a Gargoyle Hunter on Sept 23, 2023.
             Was a Believer of Okawaru.
             Mangled by an ogre
             ... wielding a +0 giant club
              (11 damage)
             ... on level 6 of the Dungeon.
             The game lasted 00:02:09 (4619 turns).

qw the Skirmisher (Gargoyle Hunter)                 Turns: 4619, Time: 00:02:10

Health: -9/55      AC: 17    Str: 15    XL:     9   Next: 62%
Magic:  12/12      EV: 14    Int: 10    God:    Okawaru [**....]
Gold:   108        SH:  5    Dex: 17    Spells: 8/8 levels left

rFire   + . .        Y - +1 shortbow (drain)
rCold   . . .        (shield currently unavailable)
rNeg    + . .        l - +0 ring mail
rPois   inf          h - +1 helmet
rElec   +            (no cloak)
rCorr   .            i - +0 pair of gloves {rF+}
SInv    .            (no boots)
Will    .....        n - amulet of reflection
Stlth   +++          (no ring)
HPRegen 0.29/turn    (no ring)
MPRegen 0.13/turn

%: reflection
@: heroic
A: sickness immunity, AC +6, negative energy resistance 1, electricity
resistance, torment resistance 1, petrification resistance
a: Renounce Religion, Heroism


You were on level 6 of the Dungeon.
You worshipped Okawaru.
Okawaru was pleased with you.
You visited 2 branches of the dungeon, and saw 7 of its levels.

You collected 280 gold pieces.
You spent 172 gold pieces at shops.


Innate Abilities, Weirdness & Mutations

You are immune to sickness and miasma.
Your stone body is resilient. (AC +6)
You are immune to poison.
You resist negative energy. (rN+)
You are resistant to electric shocks. (rElec)
You are resistant to unholy torment.
You are immune to petrification.


   Skills:
 + Level 6.1(11.1) Fighting
 - Level 10.7(15.7) Ranged Weapons
 - Level 4.2(9.2) Armour
 - Level 2.5(7.5) Dodging
 - Level 1.1(6.1) Stealth
 - Level 4.0 Invocations


You had 8 spell levels left.
You didn't know any spells.
Your spell library was empty.

Inventory:

Hand Weapons
 Y - a +1 shortbow of draining (weapon)
Armour
 h - a +1 helmet (worn)
 i - a +0 pair of gloves of fire resistance (worn)
 l - a +0 ring mail (worn)
Jewellery
 j - a ring of ice
 m - a +5 ring of evasion
 n - an amulet of reflection (around neck)
Scrolls
 a - a scroll of identify
Potions
 d - 2 potions of haste
 e - a potion of might
 f - 2 potions of curing
 k - a potion of enlightenment
 q - a potion of mutation {unknown}

Dungeon Overview and Level Annotations

Branches:
Dungeon (6/15)             Temple (1/1) D:4

Altars:
Fedhas
Gozag
Hepliaklqana
Kikubaaqudgha
Makhleb
Nemelex Xobeh
Okawaru
Qazlal
Ru
Sif Muna
Trog
Uskayaw
Vehumet
Wu Jian
Xom
Zin

Shops:
D:1 (   D:5 *

Annotations:
D:6 exclusions: gnoll and 2 ogres


Message History

4609 ||| Stepping ~*~*~tactically~*~*~ (retreating).
The gnoll bouda gazes fiercely through you!
You feel your attacks grow feeble.
There is an open door here.
4610 |||
Found retreat position at 1,-2 (floor) with 0 blocking monsters and 1 monsters attacking at destination at distance 2
4610 ||| Stepping ~*~*~tactically~*~*~ (retreating).
An ogre comes into view. It is wielding a +0 giant spiked club.
You see here a scroll of teleportation.
4611 |||
Found retreat position at 0,-1 (floor) with 0 blocking monsters and 1 monsters attacking at destination at distance 1
4611 ||| Stepping ~*~*~tactically~*~*~ (retreating).
A gnoll comes into view. It is wielding a +0 spear.
The gnoll bouda attacks as it pursues you!
The gnoll bouda closely misses you.
You see here a potion of might.
4612 ||| DROPPING ring of ice.
You drop a ring of ice.
The gnoll bouda hits you but does no damage.
You shoot an arrow. The arrow hits the gnoll bouda.
The gnoll bouda is lightly wounded.
The gnoll bouda barks out a call to the hunt!
The gnoll picks up the pace!
You shoot an arrow. The arrow hits the gnoll bouda!
The gnoll bouda is heavily wounded.
The orc priest mumbles some strange prayers to Beogh against you.
Beogh smites you! The gnoll bouda closely misses you.
You shoot an arrow. The arrow hits the gnoll bouda!
The gnoll bouda is almost dead.
Your attacks no longer feel as feeble.
You shoot an arrow. The arrow hits the gnoll bouda!
You kill the gnoll bouda!
Okawaru accepts your kill.
You shoot an arrow.
The arrow hits the ogre but does no damage.
The ogre barely misses you.
You shoot an arrow.
The arrow hits the ogre but does no damage.
You shoot an arrow. The arrow hits the ogre!
You drain the ogre.
The ogre is heavily wounded.
You hear a shout!
The ogre hits you with a +0 giant club!
You die...

###### ....
##########'###
...........#?#
..........g#@#
.........Ko#O#
..........oOo#
######################
....#....#.)...o.....#
....'....'...o.))....'
...#....#...........#
#####''''#############
...................


You could see a kobold brigand, 2 ogres, an orc priest, a gnoll (swift) and 2
orcs.

Vanquished Creatures
  Pikel (D:6)
  A troll (D:6)
  Grinder (D:3)
  2 water moccasins (D:5)
  An orc warrior (D:6)
  An ice beast (D:6)
  A black bear (D:5)
  2 ogres (D:6)
  2 lemures (D:6)
  2 gnoll sergeants (D:6)
  4 scorpions
  A howler monkey (D:6)
  5 hounds
  4 orc priests
  A gnoll bouda (D:6)
  Jessica (D:2)
  An iguana (D:6)
  3 orc wizards
  4 adders
  16 gnolls
  A white imp (D:6)
  An ufetubus (D:4)
  2 worms
  4 dart slugs
  16 orcs
  3 bats
  7 endoplasms
  4 giant cockroaches
  9 goblins
  7 hobgoblins
  10 jackals
  8 kobolds
  4 quokkas
  4 ball pythons (D:4)
  2 frilled lizards
  4 rats
140 creatures vanquished.

Notes
Turn   | Place    | Note
-------+----------+-------------------------------------------
     0 | D:1      | qw the Gargoyle Hunter began the quest for the Orb.
     0 | D:1      | Reached XP level 1. HP: 12/12 MP: 1/1
     0 | D:1      | 0 ||| qw: Version: 0.3-a-83-gcd0e7d8
     0 | D:1      | 0 ||| qw: Game counter: 1521
     0 | D:1      | 0 ||| qw: Melee chars always use a shield: true
     0 | D:1      | 0 ||| qw: God list: Okawaru
     0 | D:1      | 0 ||| qw: Allow faded altars: false
     0 | D:1      | 0 ||| qw: Do Orc after clearing Dungeon:15 true
     0 | D:1      | 0 ||| qw: Do second Lair branch before Depths: true
     0 | D:1      | 0 ||| qw: Lair rune preference: random
     0 | D:1      | 0 ||| qw: Goals: Normal
     0 | D:1      | 0 ||| PLANNING D:1-11
    62 | D:1      | Found Xyma's Antique Weapon Shoppe.
   120 | D:1      | Reached XP level 2. HP: 9/17 MP: 2/2
   422 | D:1      | Reached XP level 3. HP: 20/21 MP: 3/3
   463 | D:1      | Reached skill level 5 in Ranged Weapons
   741 | D:1      | 741 ||| UPGRADING to +1 helmet.
   746 | D:1      | 746 ||| UPGRADING to +0 ring mail.
   756 | D:1      | 756 ||| DROPPING +0 leather armour.
   757 | D:1      | 757 ||| UPGRADING to amulet of guardian spirit.
   762 | D:1      | 762 ||| UPGRADING to amulet of regeneration.
   772 | D:1      | 772 ||| DROPPING amulet of guardian spirit.
   773 | D:1      | 773 ||| UPGRADING to amulet of reflection.
   783 | D:1      | 783 ||| DROPPING amulet of regeneration.
   784 | D:1      | 784 ||| READING 2 scrolls labelled OFYLABR DOCIST.
   785 | D:1      | 785 ||| READING scroll labelled TURE FUH LUOCO.
   786 | D:1      | 786 ||| READING scroll labelled SIL DAXAEC.
   787 | D:1      | 787 ||| DROPPING scroll of butterflies.
   961 | D:2      | Noticed Jessica
   965 | D:2      | Killed Jessica
   966 | D:2      | Reached XP level 4. HP: 23/27 MP: 4/4
  1264 | D:2      | Identified the staff "Ekkam" {Drain rElec rF+ Dex+5 Fire}
  1811 | D:2      | 1811 ||| READING scroll labelled MIKKIGHUE.
  1815 | D:2      | 1815 ||| READING scroll labelled KEXOFAECRE.
  1816 | D:2      | 1816 ||| DRINKING 2 sapphire potions.
  1817 | D:2      | 1817 ||| DRINKING 2 puce potions.
  1818 | D:2      | 1818 ||| DRINKING 2 fuming orange potions.
  1819 | D:2      | 1819 ||| READING 3 scrolls of identify.
  1819 | D:2      | 1819 ||| IDENTIFYING lumpy coppery potion
  1820 | D:2      | 1820 ||| DROPPING potion of brilliance.
  1862 | D:3      | 1862 ||| Stepping ~*~*~tactically~*~*~ (retreating).
  1865 | D:3      | Reached skill level 3 in Fighting
  1880 | D:3      | Reached XP level 5. HP: 30/32 MP: 5/5
  1958 | D:3      | Found a sparkling altar of Nemelex Xobeh.
  2138 | D:3      | Reached skill level 6 in Ranged Weapons
  2154 | D:3      | Found a radiant altar of Vehumet.
  2167 | D:3      | Found a hide-covered altar of Uskayaw.
  2167 | D:3      | Found a stormy altar of Qazlal.
  2258 | D:3      | Noticed Grinder
  2279 | D:3      | Paralysed by Grinder for 5 turns
  2284 | D:3      | 2284 ||| FLEEEEING.
  2289 | D:3      | 2289 ||| FLEEEEING.
  2290 | D:3      | 2290 ||| FLEEEEING.
  2291 | D:3      | 2291 ||| FLEEEEING.
  2292 | D:3      | 2292 ||| FLEEEEING.
  2293 | D:3      | 2293 ||| FLEEEEING.
  2301 | D:3      | Paralysed by Grinder for 3 turns
  2305 | D:3      | Killed Grinder
  2306 | D:3      | Reached XP level 6. HP: 39/40 MP: 6/6
  2509 | D:3      | Found a burning altar of Makhleb.
  2509 | D:3      | Noticed a balrug
  2513 | D:3      | Noticed a ynoxinul
  2513 | D:3      | Noticed a ynoxinul
  2571 | D:4      | Reached XP level 7. HP: 44/44 MP: 7/7
  2645 | D:4      | Found a staircase to the Ecumenical Temple.
  2646 | D:4      | 2646 ||| PLANNING TEMPLE
  2646 | D:4      | 2646 ||| READING 2 scrolls of identify.
  2646 | D:4      | 2646 ||| IDENTIFYING smoky green potion
  2647 | D:4      | 2647 ||| DROPPING potion of degeneration.
  2657 | Temple   | Entered the Ecumenical Temple
  2658 | Temple   | 2658 ||| PLANNING OKAWARU WORSHIP
  2669 | Temple   | Became a worshipper of Warmaster Okawaru
  2670 | Temple   | 2670 ||| PLANNING D:1-11
  2957 | D:4      | Found an ancient bone altar of Kikubaaqudgha.
  3327 | D:4      | 3327 ||| Stepping ~*~*~tactically~*~*~ (water).
  3545 | D:4      | 3545 ||| READING scroll labelled ZAHAS MAFAEMU.
  3546 | D:4      | 3546 ||| READING scroll labelled NYITOPN ETUHY.
  3547 | D:4      | 3547 ||| READING scroll labelled SIECHY QYSHRA.
  3548 | D:4      | 3548 ||| DRINKING 2 clear potions.
  3583 | D:5      | Entered Level 5 of the Dungeon
  3591 | D:5      | Reached skill level 7 in Ranged Weapons
  3636 | D:5      | Reached skill level 8 in Ranged Weapons
  3646 | D:5      | Reached * piety under Okawaru
  3647 | D:5      | Reached XP level 8. HP: 46/50 MP: 8/8
  3669 | D:5      | Found Adghinono's Fire Supplies.
  3679 | D:5      | 3679 ||| BUYING +0 pair of gloves of fire resistance (172
                  | gold).
  3679 | D:5      | Bought a +0 pair of gloves of fire resistance for 172 gold
                  | pieces
  3679 | D:5      | 3679 ||| SHOPLISTING +0 robe of fire resistance (115 gold,
                  | have 36).
  3679 | D:5      | 3679 ||| SHOPLISTING ring of fire (375 gold, have 36).
  3721 | D:5      | 3721 ||| INVOKING Heroism.
  3788 | D:5      | Reached skill level 1 in Invocations
  4195 | D:5      | 4195 ||| UPGRADING to +0 pair of gloves of fire resistance.
  4200 | D:5      | 4200 ||| READING scroll labelled KATUTWA AQAU.
  4201 | D:5      | 4201 ||| READING scroll labelled QUINEG GEMEI.
  4202 | D:5      | 4202 ||| READING scroll labelled VYAWKO PA KAUD.
  4203 | D:5      | 4203 ||| READING 2 scrolls of identify.
  4203 | D:5      | 4203 ||| IDENTIFYING viscous puce potion
  4356 | D:6      | 4356 ||| RETREEAATING.
  4357 | D:6      | 4357 ||| STILL RETREEAATING.
  4358 | D:6      | 4358 ||| STILL RETREEAATING.
  4359 | D:6      | 4359 ||| STILL RETREEAATING.
  4393 | D:6      | Reached skill level 3 in Invocations
  4400 | D:6      | 4400 ||| INVOKING Heroism.
  4403 | D:6      | Reached skill level 9 in Ranged Weapons
  4433 | D:6      | 4433 ||| FLEEEEING.
  4434 | D:6      | 4434 ||| FLEEEEING.
  4438 | D:6      | 4438 ||| FLEEEEING.
  4439 | D:6      | 4439 ||| FLEEEEING.
  4440 | D:6      | 4440 ||| FLEEEEING.
  4441 | D:6      | 4441 ||| FLEEEEING.
  4442 | D:6      | 4442 ||| FLEEEEING.
  4471 | D:6      | 4471 ||| INVOKING Heroism.
  4493 | D:6      | 4493 ||| INVOKING Heroism.
  4499 | D:6      | Reached skill level 6 in Fighting
  4508 | D:6      | 4508 ||| INVOKING Heroism.
  4515 | D:6      | Reached XP level 9. HP: 46/55 MP: 8/12
  4576 | D:6      | Noticed Pikel
  4577 | D:6      | 4577 ||| INVOKING Heroism.
  4583 | D:6      | 4583 ||| RETREEAATING.
  4584 | D:6      | 4584 ||| STILL RETREEAATING.
  4588 | D:6      | Noticed a troll
  4593 | D:6      | Killed Pikel
  4594 | D:6      | Reached skill level 10 in Ranged Weapons
  4596 | D:6      | 4596 ||| INVOKING Heroism.
  4600 | D:6      | HP: 9/55 [troll (7)]
  4601 | D:6      | 4601 ||| READING scroll of teleportation.
  4602 | D:6      | 4602 ||| DRINKING potion of heal wounds.
  4605 | D:6      | Killed a troll
  4605 | D:6      | Reached ** piety under Okawaru
  4606 | D:6      | 4606 ||| RETREEAATING.
  4607 | D:6      | 4607 ||| STILL RETREEAATING.
  4608 | D:6      | 4608 ||| Stepping ~*~*~tactically~*~*~ (retreating).
  4608 | D:6      | HP: 11/55 [ogre/+0 giant club (17)]
  4609 | D:6      | 4609 ||| Stepping ~*~*~tactically~*~*~ (retreating).
  4610 | D:6      | 4610 ||| Stepping ~*~*~tactically~*~*~ (retreating).
  4611 | D:6      | 4611 ||| Stepping ~*~*~tactically~*~*~ (retreating).
  4612 | D:6      | 4612 ||| DROPPING ring of ice.
  4614 | D:6      | HP: 1/55 [orc priest/divine providence (12)]
  4619 | D:6      | Mangled by an ogre

Levels and vault maps discovered:
D:1:      dpeg_arrival_leaves_temple_mockup, layout_loops_ring, serial_shops,
          shop, minmay_tromino_i4
D:2:      layout_basic, serial_curves, eino_curves_04, eino_curves_03,
          uniq_jessica
D:3:      layout_loops_ring, makhleb_altar_promises_db,
          overflow_temple_1_default, old_standard_altar,
          gammafunk_temple_overflow_wave, nicolae_grassy_gnolls, uniq_grinder
D:4:      layout_basic, kennysheep_mini_moat,
          minmay_temple_entry_drinking_statues, chequers_serial_rivers_marsh,
          grunt_decor_junction
D:5:      layout_cave_pools, chequers_serial_rivers_micro_e, minivault_27,
          nicolae_shop_fire_sale [nicolae_sub_dead_trees]
D:6:      lemuel_castle_with_subvaults [lemuel_castle_interior_carwin_1],
          layout_basic, minmay_misc_feat_room, corner_web_ring, nrook_campfire,
          uniq_pikel
Temple:   hellmonk_temple_rainy

Skill      XL: |  1  2  3  4  5  6  7  8  9 |
---------------+----------------------------+-----
Ranged Weapons | 5 6 8 9 10 | 10.7
Armour         | 2 4 |  4.2
Fighting       | 3 5 6 |  6.1
Dodging        | 2 |  2.5
Invocations    | 4 |  4.0
Stealth        | |  1.1

Action                     |  1- 3 |  4- 6 |  7- 9 || total
---------------------------+-------+-------+-------++-------
   Fire: Shortbow          |    98 |   113 |   306 ||   517
 Invoke: Heroism           |       |       |     7 ||     7
    Use: Scroll            |     3 |     3 |     9 ||    15
         Potion            |       |     3 |     2 ||     5
 Armour: Leather armour    |    23 |       |       ||    23
         Ring mail         |     4 |    39 |   115 ||   158
  Dodge: Dodged            |    22 |    21 |    97 ||   140
  Block: Other             |     2 |     7 |    44 ||    53
         Reflection        |       |     1 |       ||     1

Table legend:
 A = Non-vault XP
 B = Vault XP
 C = Vault XP percentage of total XP
 D = Non-vault monster count
 E = Vault monster count
 F = Vault count percentage of total count
                 A         B        C        D         E       F
            +---------+---------+-------+---------+---------+-------
      Total |    1455 |    2322 |  61.5 |     107 |      31 |  22.5
            +---------+---------+-------+---------+---------+-------
        D:1 |      44 |       3 |   6.4 |      21 |       2 |   8.7
        D:2 |      32 |      37 |  53.6 |      16 |       1 |   5.9
        D:3 |     140 |     346 |  71.2 |      14 |       5 |  26.3
        D:4 |     223 |       0 |   0.0 |      33 |       0 |   0.0
        D:5 |     823 |       0 |   0.0 |      17 |       0 |   0.0
        D:6 |     193 |    1936 |  90.9 |       6 |      23 |  79.3
            +---------+---------+-------+---------+---------+-------
